 Dungeon Crawl Stone Soup version 0.19.5 (webtiles) character file.

14 IcySystem the Sneak (level 2, 0/13 HPs)
             Began as a Spriggan Enchanter on May 24, 2017.
             Succumbed to an adder's poison
             ... on level 1 of the Dungeon.
             The game lasted 00:02:05 (671 turns).

IcySystem the Sneak (Spriggan Enchanter)             Turns: 671, Time: 00:02:06

Health: 0/13       AC:  3    Str:  4    XL:     2   Next: 31%
Magic:  6/6        EV: 18    Int: 16    God:
Gold:   26         SH:  0    Dex: 16    Spells: 1 memorised, 5 levels left

rFire  . . .     SeeInvis +     a - +1 dagger
rCold  . . .     Gourm    .     b - +1 robe
rNeg   . . .     Faith    .     (shield restricted)
rPois  .         Spirit   .     (helmet restricted)
rElec  .         Reflect  .     (no cloak)
rCorr  .         Harm     .     (gloves unavailable)
MR     .....                    (boots unavailable)
Stlth  +++.......               (no amulet)
                                (no ring)
                                (no ring)

@: lethally poisoned (0 -> -7), very quick
A: unfitting armour, see invisible, herbivore 3, speed 3, slow metabolism 2
a: no special abilities


You were on level 1 of the Dungeon.
You were not hungry.

You visited 1 branch of the dungeon, and saw 1 of its levels.

You collected 26 gold pieces.

Inventory:

Hand Weapons
 a - a +1 dagger (weapon)
Armour
 b - a +1 robe (worn)
Scrolls
 e - 2 scrolls of identify {unknown}
 g - a scroll of teleportation {unknown}
 h - a scroll of recharging {unknown}
 i - a scroll of blinking {unknown}
 j - a scroll of enchant armour {unknown}
Books
 c - a book of Maledictions

   Spells                             Type                      Level
   a - Corona                         Hexes                        1
   b - Ensorcelled Hibernation        Hexes/Ice                    2
   c - Confuse                        Hexes                        3
   d - Tukima's Dance                 Hexes                        3
   e - Dazzling Spray                 Conjuration/Hexes            3
Comestibles
 d - 2 bread rations
 f - a slice of pizza


   Skills:
 + Level 2.6 Short Blades
 - Level 3.0 Dodging
 - Level 4.4 Stealth
 - Level 2.6 Spellcasting
 - Level 3.6 Hexes


You had 5 spell levels left.
You knew the following spells:

 Your Spells              Type           Power        Failure   Level  Hunger
a - Corona                Hex            ##.....      6%          1    #......


Dungeon Overview and Level Annotations

Branches:
Dungeon (1/15)

Altars:


Innate Abilities, Weirdness & Mutations

You are very small and have problems with some larger weapons.
You are too small for most types of armour.
You have supernaturally acute eyesight. (SInv)
You are a herbivore.
You cover ground extremely quickly.
You need consume almost no food.


Message History

Things that are here:
a club; a rat corpse; a hobgoblin corpse You start resting.
An adder comes into view.
The adder hisses angrily.
You closely miss the adder. The adder bites you. x2
You are poisoned.
The adder poisons you!
You feel sick.
There is a stone staircase leading down here.
You feel sick. The adder bites you.
* * * LOW HITPOINT WARNING * * *
There is a stone staircase leading down, spattered with blood here.
You aren't carrying any potions.
You aren't carrying any potions.
You aren't carrying any potions.
You closely miss the adder. The adder barely misses you.
You miss the adder.
You die...

#..#.#.##.# ##.#.#..
#..#.#.##.#### .#
#(#.#..
#..#.#.......####.#
#...#..
#..#.####.##.#.....#
##..#.. ######..#.#
#.##.#.....# #..#..
........#.#
#.##.#.....# ##>...
........#.# #)##..###.#
#.#.# ........#
#.........######.#..
......#.#
#..@................
........#
#####..S#....##..P#...#
......#.#
.......#>#...#.........
######..#
#####...#....#........†
.....#..#
#.........P.≈......
###.##.##
#.........≈≈≈≈..P..
#.#.##.#
####.###..≈≈≈♣≈....
#......# #..
.P≈♣≈≈≈P.w. #.#.####
#### .♣≈≈≈♣♣P..


You could see an adder.

Vanquished Creatures
  2 dart slugs (D:1)
  A ball python (D:1)
  A goblin (D:1)
  3 hobgoblins (D:1)
  A bat (D:1)
  A kobold (D:1)
  A rat (D:1)
10 creatures vanquished.

Notes
Turn   | Place    | Note
-------+----------+-------------------------------------------
     0 | D:1      | IcySystem the Spriggan Enchanter began the quest for the Orb.
     0 | D:1      | Reached XP level 1. HP: 9/9 MP: 5/5
   311 | D:1      | Reached XP level 2. HP: 13/13 MP: 6/6
   671 | D:1      | Succumbed to an adder's poison

Skill      XL: |  1 |
---------------+----+-----
Short Blades   | 2 |  2.6
Dodging        | |  3.0
Stealth        | |  4.4
Spellcasting   | |  2.6
Hexes          | |  3.6

Action                   || total
-------------------------++-------
Melee: Dagger            ||    52
 Stab: Sleeping          ||     2
Armor: Robe              ||     4
Dodge: Dodged            ||    36
